AoeStats
← MatiassCJ

Arena

510911685Analyzed
4v4 RM · 21h ago on Oct 3, 2026· 28m 9s· 8 players
Game mode
Random Map
Map size
Large (8 player)
Population
200
Speed
Normal
Resources
Standard
Victory
Conquest
Starting age
Dark Age
Ending age
Imperial Age
RankedLock teamsTeams togetherTeam positionsShared explorationLock speedFull tech treeHidden civsTurbo modeCheats
Victory
Defeat
🇵🇪 Spanish · Peru
1088
+9
🇹🇼 Franks · Taiwan
993
+13
🇨🇱 Malay · Chile
975
+14
🇵🇪 Wu · Peru
943
+15
🇨🇱 Spanish · Chile
962
-14
🇨🇱 Wu · Chile
931
-13
🇨🇱 Italians · Chile
912
-12
🇦🇷 Persians · Argentina
909
-12
五条悟
10:07 Feudal Age
13:49 Castle Age
12:43 Double-Bit Axe
13:44 Loom
13:58 Horse Collar
19:16 Fletching
21:58 Bow Saw
21:49 Heavy Plow
心死就在一瞬間
2:45 Loom
10:07 Feudal Age
16:04 Castle Age
13:55 Double-Bit Axe
17:17 Bow Saw
22:08 Scale Barding Armor
22:14 Fletching
22:25 Padded Archer Armor
25:10 Elite Skirmisher
27:43 Wheelbarrow
leonedu
12:21 Feudal Age
13:53 Double-Bit Axe
14:08 Loom
14:41 Gold Mining
16:56 Castle Age
16:09 Stone Mining
16:49 Horse Collar
18:42 Bow Saw
23:42 Wheelbarrow
25:10 Hand Cart
30:57 Imperial Age
k4tRE !
3:48 Loom
15:21 Feudal Age
15:28 Double-Bit Axe
19:36 Castle Age
18:24 Gold Mining
22:12 Gold Shaft Mining
21:50 Bow Saw
MatiassCJ
10:53 Feudal Age
9:12 Loom
14:34 Castle Age
12:27 Double-Bit Axe
12:24 Horse Collar
21:18 Fletching
24:09 Bodkin Arrow
26:19 Ballistics
Naic0
12:25 Feudal Age
14:47 Loom
18:06 Castle Age
Padreloa
10:03 Feudal Age
15:30 Castle Age
13:29 Horse Collar
13:45 Double-Bit Axe
15:26 Forging
17:25 Wheelbarrow
24:00 Fletching
24:10 Elite Skirmisher
26:06 Bodkin Arrow
AlpineXtrem
0:27 Loom
11:24 Feudal Age
16:15 Castle Age
15:32 Double-Bit Axe
16:29 Wheelbarrow
15:37 Horse Collar
17:40 Heavy Plow
17:59 Bow Saw
22:53 Stone Mining
22:53 Gold Mining
23:37 Hand Cart
25:17 Treadmill Crane
27:08 Squires
Connection lost

Rejoining the realm…

Still unreachable

The connection could not be restored.

Session expired

The server has moved on; the page needs a fresh start.